 Dungeon Crawl Stone Soup version 0.30-a0-782-ge64f9170bb (webtiles) character file.

Game seed: 8623362263401570555

37 Dirtsage the Trooper (level 3, -4/29 HPs)
             Began as a Demonspawn Fighter on Feb 24, 2023.
             Succumbed to an orc's poison
             ... on level 3 of the Dungeon.
             The game lasted 00:02:46 (1436 turns).

Dirtsage the Trooper (Demonspawn Fighter)           Turns: 1436, Time: 00:02:46

Health: -4/29      AC:  6    Str: 18    XL:     3   Next: 21%
Magic:  3/3        EV:  9    Int:  9    God:
Gold:   36         SH:  4    Dex: 12    Spells: 2/2 levels left

rFire   . . .      SeeInvis .      - Unarmed
rCold   . . .      Faith    .    c - +0 buckler
rNeg    + . .      Spirit   .    b - +0 scale mail
rPois   .          Reflect  .    (no helmet)
rElec   .          Harm     .    (no cloak)
rCorr   .          Rampage  .    (no gloves)
Will    .....                    (no boots) Stlth
                                 (no amulet)
HPRegen 0.24/turn                N - ring of positive energy
MPRegen 0.08/turn                (no ring)

@: lethally poisoned (-4 -> -24), attractive
A: claws 2
a: no special abilities


You were on level 3 of the Dungeon.
You visited 1 branch of the dungeon, and saw 3 of its levels.

You collected 78 gold pieces.
You spent 42 gold pieces at shops.

Inventory:

Hand Weapons
 a - a +0 war axe
Armour
 b - a +0 scale mail (worn)
 c - a +0 buckler (worn)
Jewellery
 N - a ring of positive energy (left claw)
Scrolls
 f - 3 scrolls of identify {unknown}
 h - a scroll of immolation {unknown}
 j - a scroll of noise {unknown}
 m - a scroll of brand weapon {unknown}
 n - a scroll of enchant weapon {unknown}
 t - 3 scrolls of teleportation
Potions
 d - a potion of might
 e - 2 potions of attraction
 g - a potion of curing {unknown}
 i - a potion of ambrosia {unknown}
 l - a potion of lignification {unknown}


   Skills:
 - Level 3.0 Fighting
 - Level 2.5 Axes
 - Level 2.6 Armour
 - Level 2.6 Shields
 + Level 2.0 Unarmed Combat


You had 2 spell levels left.
You didn't know any spells.
Your spell library contained the following spells:

 Spells                   Type           Power      Damage    Failure   Level
 Dazzling Flash           Conj/Hex       0%         N/A       99%         3
 Gell's Gravitas          Tloc           0%         N/A       99%         3
 Teleport Other           Tloc           0%         N/A       99%         3
 Agony                    Necr           0%         N/A       100%        5
 Silence                  Hex/Air        0%         N/A       100%        5
 Dispersal                Tloc           0%         N/A       100%        6


Dungeon Overview and Level Annotations

Branches:
Dungeon (3/15)

Altars:

Shops:
D:2 *


Innate Abilities, Weirdness & Mutations

You have very sharp fingernails.


Message History

You take 2 damage, and have 27/29 hp.
You scratch the orc.
The orc is lightly wounded.
You feel very sick.
The orc hits you with a +0 dagger of venom.
You are more poisoned.
You take 4 damage, and have 23/29 hp.
You scratch the orc but do no damage.
The orc is lightly wounded.
You feel very sick. You block the orc's attack.
You take 4 damage, and have 19/29 hp.
You are too injured to fight recklessly!
You scratch the orc but do no damage.
The orc is lightly wounded.
You feel sick. The orc hits you but does no damage.
You are lethally poisoned!
You take 2 damage, and have 17/29 hp.
You scratch the orc.
The orc is heavily wounded.
You feel very sick.
The orc hits you with a +0 dagger of venom.
You are more poisoned.
You take 5 damage, and have 12/29 hp.
You scratch the orc.
The orc is almost dead.
* * * LOW HITPOINT WARNING * * *
You feel very sick. The orc hits you but does no damage.
You are more poisoned.
You take 5 damage, and have 7/29 hp.
You barely miss the orc.
The orc is almost dead.
* * * LOW HITPOINT WARNING * * *
You feel very sick. The orc misses you.
You take 6 damage, and have 1/29 hp.
MASSIVE DAMAGE!!
It was a potion of attraction.
You feel attractive to monsters.
You die...

#..####.....#.#
#..# #....... #..#
##..#.## #..#
#....#
#..#####.#..# #
#........#######.#
#.#####..........#
#. #.########## #.
#....@o....# #.
#<..#####..# #.
......... ##
#######.#.# .# #
.# .# .#


You could see an orc.

Vanquished Creatures
  An adder (D:2)
  2 dart slugs
  3 ball pythons (D:1)
  2 endoplasms
  A giant cockroach (D:1)
  4 hobgoblins
  A quokka (D:3)
  5 bats (D:1)
  4 frilled lizards
  A kobold (D:2)
  A rat (D:2)
25 creatures vanquished.

Notes
Turn   | Place    | Note
-------+----------+-------------------------------------------
     0 | D:1      | Dirtsage the Demonspawn Fighter began the quest for the
                  | Orb.
     0 | D:1      | Reached XP level 1. HP: 18/18 MP: 1/1
   410 | D:1      | Gained mutation: You have sharp fingernails. [demonic
                  | ancestry]
   410 | D:1      | Reached XP level 2. HP: 24/24 MP: 2/2
   800 | D:1      | Reached skill level 1 in Unarmed Combat
  1072 | D:2      | Gained mutation: You have very sharp fingernails. [demonic
                  | ancestry]
  1072 | D:2      | Reached XP level 3. HP: 26/29 MP: 3/3
  1216 | D:2      | Found Cabam's General Store.
  1224 | D:2      | Bought a scroll of teleportation for 42 gold pieces
  1435 | D:3      | HP: 1/29 [poisoned by an orc]
  1436 | D:3      | Succumbed to an orc's poison

Illustrated notes

Levels and vault maps discovered:
D:1:      ncdulo_watergridlock, layout_loops_corners
D:2:      layout_basic, serial_shops, shop
D:3:      layout_loops_ring, serial_co_window_serial, co_window_paths_a,
          co_window_paths_a, co_window_paths_a, co_window_paths_a,
          co_window_paths_a, co_window_cross_3, co_window_corner_b,
          co_window_broadway_b, co_window_2corner, glass_columns_a, uniq_jessica

Skill      XL: |  1  2  3 |
---------------+----------+-----
Axes           | 2 |  2.5
Unarmed Combat | 1 2 |  2.0
Fighting       | |  3.0
Armour         | |  2.6
Shields        | |  2.6

Action                     || total
---------------------------++-------
  Melee: War axe           ||    58
         Unarmed           ||    16
    Use: Potion            ||     1
 Armour: Scale mail        ||    41
  Dodge: Dodged            ||    32
  Block: Buckler           ||    13

Table legend: (Time is in decaauts)
 A = Elapsed time spent in this place.
 B = Non-inter-level travel time spent in this place.
 C = Inter-level travel time spent in this place.
 D = Time resting spent in this place.
 E = Time spent auto-exploring this place.
 F = Levels seen in this place.
 G = Mean time per level.
                   A        B        C        D        E       F      G
               +--------+--------+--------+--------+--------+-----+--------+
         Total |   1459 |   1438 |     21 |      0 |   1236 |   3 |  486.3 |
       Dungeon |   1459 |   1438 |     21 |      0 |   1236 |   3 |  486.3 |
               +--------+--------+--------+--------+--------+-----+--------+

Top non-repeatable levels by time:
     D:1: 870 daAuts
     D:2: 537 daAuts
     D:3: 52 daAuts
